 Dungeon Crawl Stone Soup version 0.30-a0-12-gd8047c6341 (webtiles) character file.

Game seed: 4620636940610800680

49 siradein the Sneak (level 4, -1/26 (27) HPs)
             Began as a Kobold Brigand on Aug 24, 2022.
             Slain by Crazy Yiuf
             ... wielding a +2 quarterstaff of chaos
              (6 damage)
             ... on level 2 of the Dungeon.
             The game lasted 00:02:51 (1748 turns).

siradein the Sneak (Kobold Brigand)                 Turns: 1748, Time: 00:02:52

HP:   -1/26 (27)    AC:  5    Str:  8    XL:     4   Next: 2%
MP:   4/4           EV: 14    Int: 12    God:
Gold: 132           SH:  0    Dex: 18    Spells: 3/3 levels left

rFire   . . .      SeeInvis .    a - +2 dagger
rCold   . . .      Faith    .    (no shield)
rNeg    + . .      Spirit   .    s - +0 leather armour
rPois   .          Reflect  .    (no helmet)
rElec   .          Harm     .    c - +0 cloak
rCorr   .          Rampage  .    i - +0 pair of gloves
Will    .....                    (no boots)
Stlth   ++++......               n - amulet of the acrobat
HPRegen 0.08/turn                l - ring of positive energy
MPRegen 0.09/turn                (no ring)

@: lightly drained
A: small, no large weapons, nightstalker 3
a: no special abilities


You were on level 2 of the Dungeon.
You visited 1 branch of the dungeon, and saw 2 of its levels.

You collected 132 gold pieces.

Inventory:

Hand Weapons
 a - a +2 dagger (weapon)
Missiles
 d - 9 poisoned darts (quivered)
 e - 3 curare-tipped darts
Armour
 c - a +0 cloak (worn)
 i - a +0 pair of gloves (worn)
 s - a +0 leather armour (worn)
Jewellery
 l - a ring of positive energy (left hand)
 n - an amulet of the acrobat (around neck)
Wands
 m - a wand of polymorph (5)
Scrolls
 b - a scroll of brand weapon {unknown}
 h - a scroll of poison {unknown}
 j - 2 scrolls of identify {unknown}
 k - 2 scrolls of immolation {unknown}
 p - a scroll of blinking {unknown}
 q - a scroll of fear {unknown}
 r - a scroll of teleportation {unknown}
Potions
 f - 2 potions of attraction {unknown}
 g - a potion of might {unknown}
 o - a potion of magic {unknown}


   Skills:
 + Level 2.8 Fighting
 + Level 3.3 Short Blades
 + Level 2.7 Throwing
 + Level 2.1 Dodging
 + Level 5.7 Stealth


You had 3 spell levels left.
You didn't know any spells.
Your spell library contained the following spells:

 Spells                   Type           Power      Damage    Failure   Level
 Beastly Appendage        Tmut           0%         N/A       43%         1
 Summon Small Mammal      Summ           0%         N/A       43%         1
 Wereblood                Tmut           0%         N/A       58%         2
 Call Canine Familiar     Summ           0%         N/A       82%         3
 Portal Projectile        Hex/Tloc       0%         N/A       82%         3
 Spider Form              Tmut/Pois      0%         N/A       82%         3
 Summon Guardian Golem    Hex/Summ       0%         N/A       82%         3
 Tukima's Dance           Hex            0%         N/A       82%         3
 Blade Hands              Tmut           0%         N/A       100%        5


Dungeon Overview and Level Annotations

Branches:
Dungeon (2/15)

Altars:

Annotations:
D:2 Crazy Yiuf


Innate Abilities, Weirdness & Mutations

You are small and have problems with some larger weapons.
You are completely attuned to the shadows.


Message History

Could not explore, unopened runed door.
No reachable target in view!
As you open the door, it creaks loudly!
There is an open translucent door here.
You hit Crazy Yiuf.
Crazy Yiuf is lightly wounded.
Crazy Yiuf says, "Scoff tired return to song!"
Crazy Yiuf hits you with a +2 quarterstaff of chaos!
Ouch! That really hurt!
You partially resist.
You feel drained.
You are too injured to fight recklessly!
You are too injured to fight recklessly!
You are too injured to fight recklessly!
You are too injured to fight recklessly!
Crazy Yiuf attacks as you move away! Crazy Yiuf closely misses you.
Crazy Yiuf attacks as you move away! Crazy Yiuf closely misses you.
Crazy Yiuf laughs, "Flower sow light!"
Crazy Yiuf says, "Announcement toodlewoodle Xom!"
Crazy Yiuf attacks as you move away! Crazy Yiuf completely misses you.
Crazy Yiuf attacks as you move away! Crazy Yiuf misses you.
Crazy Yiuf says, "Rot cower pizzabubble!"
Crazy Yiuf attacks as you move away! Crazy Yiuf completely misses you.
You hit Crazy Yiuf but do no damage.
Crazy Yiuf is lightly wounded.
Crazy Yiuf completely misses you.
You barely miss Crazy Yiuf.
Crazy Yiuf is lightly wounded.
Crazy Yiuf barely misses you.
You closely miss Crazy Yiuf.
Crazy Yiuf is lightly wounded.
Crazy Yiuf barely misses you.
You hit Crazy Yiuf but do no damage.
Crazy Yiuf is lightly wounded.
Crazy Yiuf hits you with a +2 quarterstaff of chaos.
* * * LOW HITPOINT WARNING * * *
Crazy Yiuf draws strength from your wounds!
You hit Crazy Yiuf.
Crazy Yiuf is lightly wounded.
Crazy Yiuf hits you with a +2 quarterstaff of chaos.
You die...

♣♣.♣ #....#
#.#.##.#.# ♣.♣♣
#....# #.†.##.#..
♣♣.♣ #....#
#.####.##. ♣♣.♣♣
#....# ### #....
♣♣...♣ #..### #####
♣....♣ #..# # #+..+#
#..# #
#....###.######## #
#.........g@....####
##..###.#####...[..#
##.# #.# #......#
#.###.# ###......#
#.....# #........#
### #######
#........# #..
#........# #..
#........#######..
####.....(........


You could see Crazy Yiuf.

Vanquished Creatures
  2 dart slugs
  5 ball pythons
  8 endoplasms
  2 giant cockroaches (D:1)
  4 goblins
  5 hobgoblins (D:1)
  3 bats
  5 frilled lizards
  3 kobolds
  4 rats
41 creatures vanquished.

Notes
Turn   | Place    | Note
-------+----------+-------------------------------------------
     0 | D:1      | siradein the Kobold Brigand began the quest for the Orb.
     0 | D:1      | Reached XP level 1. HP: 12/12 MP: 1/1
   150 | D:1      | Reached XP level 2. HP: 18/18 MP: 2/2
   340 | D:1      | Reached XP level 3. HP: 22/22 MP: 3/3
  1130 | D:2      | Found a runed translucent door.
  1133 | D:2      | Noticed Crazy Yiuf
  1209 | D:2      | Reached XP level 4. HP: 27/27 MP: 4/4
  1748 | D:2      | Slain by Crazy Yiuf

Illustrated notes

Levels and vault maps discovered:
D:1:      saegor_arrival_simple_b, layout_rooms, serial_bayou_pond_e
D:2:      layout_basic, uniq_crazy_yiuf_cottage

Skill      XL: |  1  2  3 |
---------------+----------+-----
Short Blades   | 3 |  3.3
Dodging        | 2 |  2.1
Fighting       | |  2.8
Throwing       | |  2.7
Stealth        | |  5.7

Action                   |  1- 3 |  4- 6 || total
-------------------------+-------+-------++-------
Melee: Dagger            |    76 |     8 ||    84
 Stab: Sleeping          |    23 |     2 ||    25
Armor: Robe              |    16 |       ||    16
Dodge: Dodged            |    34 |     8 ||    42

Table legend: (Time is in decaauts)
 A = Elapsed time spent in this place.
 B = Non-inter-level travel time spent in this place.
 C = Inter-level travel time spent in this place.
 D = Time resting spent in this place.
 E = Time spent auto-exploring this place.
 F = Levels seen in this place.
 G = Mean time per level.
                   A        B        C        D        E       F      G
               +--------+--------+--------+--------+--------+-----+--------+
         Total |   1736 |   1694 |     42 |      0 |   1410 |   2 |  868.0 |
       Dungeon |   1736 |   1694 |     42 |      0 |   1410 |   2 |  868.0 |
               +--------+--------+--------+--------+--------+-----+--------+

Top non-repeatable levels by time:
     D:2: 960 daAuts
     D:1: 775 daAuts
